Match 35260332
Unlisted

Match 35260332
End
Scout Squad
Scout Squad
Scout Squad
Selects Airborne Battlegroup
Selects Pathfinders
Construct Weapon Support Center
Bazooka Squad
Selects Paratrooper Squad Paradrop
Infantry Support Center
Paratrooper Squad Paradrop
Paratrooper Squad Paradrop
Bazooka Squad
Selects Anti-tank Gun Team Paradrop
Anti-tank Gun Team Paradrop
Advanced Logistics
Survival Training
M1919 Machine Gun Team
Selects Recon Loiter
Pathfinder Squad
Recon Loiter
Anti-tank Gun Team Paradrop
Construct Tank Depot
Recon Loiter
Paratrooper Squad Paradrop
Selects Supply Drop
Selects Dual P-47 Rocket Strike
Recon Loiter
Dual P-47 Rocket Strike
Anti-tank Gun Team Paradrop
Dual P-47 Rocket Strike
Phan
kamacura
Hunter Dak™
사람이왜살지
书院三师姐
我真的不是驴
布響丸辣
Salacious Salamander
0
0

Comments sign in to comment!

No comments posted yet!